Map: Moondance

Players

Jay

  • Race: Zerg Zerg
  • Spawn Location: 6:00

SpeCial - Winner!

  • Race: Terran Terran
  • Spawn Location: 12:00

Event: DreamHack SC2 Masters 2022 Atlanta (Offline)

VOD

Have the link to the VOD?

Description

Time

  • Played on: Nov. 18, 2022, 10:12 a.m.
  • Length: 7:11

All games in this series

Show
View Real Time Build Order
Export as new Build Order

Jay Zerg 

Build Orders: Hatch First 

Get SALT Encoding   

  12  0:00  Drone  
  13  0:14  Overlord  
  13  0:17  Drone  
  14  0:32  Drone x2  
  16  0:48  Hatchery  
  15  0:52  Drone  
  15  0:55  Drone  
  17  0:58  Drone  
  18  1:09  Extractor  
  17  1:14  Spawning Pool  
  17  1:16  Drone  
  17  1:20  Drone  
  18  1:29  Drone  
  19  1:40  Drone  
  20  1:52  Overlord  
  20  2:01  Queen x2  
  20  2:02  Zergling x4  
  26  2:13  Drone x2  
  28  2:18  Metabolic Boost  
  28  2:31  Drone x2  
  29  2:39  Queen x2  
  32  2:50  Overlord  
  32  2:53  Drone  
  32  2:54  Drone x3  
  36  3:01  Overlord  
  36  3:11  Drone  
  36  3:12  Drone x4  
  36  3:22  Drone x2  
  38  3:28  Hatchery  
  38  3:31  Drone  
  38  3:32  Drone  
  39  3:38  Queen  
  39  3:41  Drone  
  41  3:50  Drone x2  
  41  3:54  Drone x3  
  44  4:00  Drone x2  
  46  4:12  Zergling x10  
  51  4:17  Overlord  
  51  4:19  Spore Crawler  
  51  4:21  Spore Crawler  
  51  4:23  Drone  
  50  4:27  Drone x2  
  50  4:28  Overlord  
  52  4:41  Drone x4  
  52  4:42  Queen  
  52  4:43  Queen  
  60  4:47  Drone  
  60  4:51  Drone  
  60  4:52  Drone x3  
  65  4:58  Spore Crawler, Drone  
  65  4:59  Drone x2  
  66  5:05  Baneling Nest  
  66  5:06  Drone, Extractor  
  65  5:15  Drone x5  
  70  5:21  Drone x3  
  70  5:24  Overlord x2  
  73  5:31  Overlord x2  
  73  5:34  Lair  
  73  5:42  Drone x9  
  82  5:44  Extractor  
  81  5:50  Overlord  
  81  6:02  Drone  
  81  6:03  Drone x6  
  88  6:04  Hatchery  
  87  6:11  Queen  
  87  6:12  Extractor  
  87  6:17  Zergling x2  
  87  6:18  Zergling x12  
  95  6:23  Overlord  
  95  6:24  Overlord  
  95  6:25  Baneling x2  
  95  6:26  Baneling, Drone x2  
  95  6:30  Spore Crawler  
  96  6:35  Drone  
  96  6:36  Overseer  
  89  6:43  Zergling x2  
  89  6:44  Zergling x6  
  87  6:54  Zergling x10  
  89  7:05  Hatchery  
Show
View Real Time Build Order
Export as new Build Order

SpeCial Terran - Winner!

Build Orders:  

Get SALT Encoding   

  12  0:00  SCV  
  13  0:12  SCV  
  14  0:18  Supply Depot  
  14  0:24  SCV  
  15  0:40  SCV  
  15  0:42  Barracks  
  16  0:48  Refinery  
  16  0:52  SCV  
  17  1:03  Barracks  
  17  1:05  SCV  
  18  1:18  SCV  
  19  1:31  Orbital Command  
  19  1:32  Reaper  
  20  1:49  Reaper  
  20  1:51  Supply Depot  
  21  1:57  SCV  
  22  2:09  Reaper  
  22  2:12  SCV  
  22  2:15  Command Center  
  24  2:24  SCV, Marine  
  24  2:27  Refinery  
  26  2:36  SCV  
  27  2:48  SCV, Factory  
  28  2:53  Marine x2  
  28  2:57  Supply Depot  
  30  3:00  SCV  
  31  3:18  Barracks Tech Lab  
  31  3:19  SCV  
  32  3:30  Orbital Command  
  32  3:31  SCV  
  32  3:32  Factory Tech Lab, Starport  
  33  3:36  Marine  
  33  3:40  Barracks Reactor  
  34  3:43  SCV  
  35  3:55  SCV  
  34  3:56  SCV  
  34  3:57  Marine  
  34  4:01  Command Center  
  34  4:02  Stimpack  
  36  4:07  SCV  
  36  4:08  SCV, Factory Reactor  
  38  4:16  Barracks, Banshee  
  41  4:18  Marine  
  41  4:19  Marine  
  41  4:22  SCV  
  41  4:23  SCV  
  45  4:25  Marine  
  46  4:34  SCV  
  46  4:35  SCV  
  46  4:36  Supply Depot  
  47  4:44  Marine x2  
  47  4:45  Marine  
  50  4:46  SCV  
  50  4:47  SCV  
  50  4:51  Factory Reactor  
  52  4:58  SCV  
  52  4:59  SCV  
  54  5:02  Marine  
  54  5:04  Engineering Bay, Refinery x2  
  54  5:05  Marine x2  
  54  5:06  Engineering Bay, Marine  
  58  5:10  SCV  
  58  5:11  SCV  
  60  5:14  Orbital Command  
  60  5:18  Medivac  
  60  5:20  Medivac, Marine  
  65  5:27  SCV x2  
  67  5:35  Marine x2  
  69  5:37  Marine  
  69  5:38  Marine  
  69  5:39  SCV x2  
  69  5:40  SCV  
  69  5:42  Marine  
  74  5:44  Combat Shield  
  75  5:51  SCV x2  
  77  5:58  Supply Depot x2  
  77  6:06  Marine x3  
  77  6:07  SCV x2, Siege Tank  
  85  6:14  Barracks x2  
  85  6:19  SCV, Medivac, Marine x2  
  85  6:20  Medivac  
  85  6:23  SCV  
  85  6:24  Supply Depot, Marine  
  94  6:26  SCV  
  94  6:30  Marine x2  
  97  6:37  Marine x2  
  97  6:39  SCV  
  99  6:42  Marine  
  102  6:47  Marine  
  102  6:48  SCV, Marine  
  102  6:50  SCV  
  109  6:59  Supply Depot  
  109  7:01  Barracks Reactor  
  109  7:02  Barracks Reactor  
  109  7:07  Armory  
Tags
 
Add a new tag
Caveats
  • Supply blocks, unpowered buildings, or Contaminate may cause inaccurate times.
  • Supply counts are checked every 10 seconds.